Map: Acid Plant LE

Players

Ozmosis - Winner!

  • Race: Terran Terran
  • League: Master
  • Spawn Location: 11:00

A.I. 1 (Medium)

  • Race: Protoss Protoss
  • Spawn Location: 5:00

VOD

Have the link to the VOD?

Description

Time

  • Played on: April 28, 2018, 7:05 p.m.
  • Length: 10:58
Show
View Real Time Build Order
Export as new Build Order

Ozmosis Terran - Winner!

Build Orders: 1/1/1, Cyclone Opening, Bio Tank 

Get SALT Encoding   

  12  0:01  SCV  
  13  0:13  SCV  
  14  0:17  Supply Depot  
  14  0:25  SCV  
  15  0:28  Refinery  
  15  0:38  SCV  
  16  0:45  Barracks  
  16  0:50  SCV  
  16  0:56  Refinery  
  17  1:03  SCV  
  18  1:15  SCV  
  19  1:32  Reaper, Orbital Command  
  20  1:36  Factory  
  20  1:44  Supply Depot  
  20  1:57  SCV  
  21  2:04  Reaper  
  22  2:09  SCV  
  23  2:20  Cyclone  
  23  2:21  SCV  
  23  2:22  Starport  
  27  2:29  Supply Depot  
  27  2:34  SCV  
  28  2:37  Barracks Tech Lab  
  28  2:48  SCV  
  29  2:52  Hellion  
  31  3:00  SCV  
  32  3:05  Banshee  
  32  3:06  Cloaking Field  
  32  3:10  Supply Depot  
  32  3:12  SCV  
  36  3:14  Barracks Reactor  
  36  3:15  Factory Tech Lab  
  36  3:25  SCV  
  37  3:45  Command Center  
  37  3:48  SCV  
  37  3:50  Siege Tank  
  37  3:51  Marine  
  37  3:52  Marine  
  42  3:56  Supply Depot  
  42  4:03  SCV  
  42  4:06  Banshee  
  46  4:14  Marine  
  47  4:18  Marine, SCV  
  47  4:19  Supply Depot  
  49  4:30  SCV  
  50  4:32  Marine  
  51  4:40  Marine  
  51  4:42  SCV  
  53  4:49  Command Center  
  53  4:57  Marine, Siege Tank  
  53  4:58  Marine  
  58  5:04  Orbital Command  
  58  5:13  Raven  
  60  5:14  Marine  
  60  5:15  SCV  
  60  5:16  Marine  
  63  5:28  SCV  
  63  5:30  Siege Tank  
  63  5:32  Marine  
  63  5:33  Marine  
  63  5:34  SCV  
  70  5:40  SCV  
  71  5:55  SCV x2  
  75  6:04  Barracks x2  
  73  6:07  SCV  
  73  6:08  Orbital Command, SCV  
  73  6:09  Marine  
  76  6:13  Starport Reactor  
  76  6:14  Stimpack  
  76  6:19  SCV  
  76  6:21  Siege Tank  
  76  6:22  SCV  
  76  6:24  Refinery  
  76  6:25  Refinery  
  81  6:28  Engineering Bay  
  81  6:30  Engineering Bay  
  81  6:31  SCV  
  82  6:34  Marine  
  82  6:35  SCV  
  82  6:36  SCV  
  82  6:39  Supply Depot  
  85  6:41  Supply Depot  
  85  6:43  SCV  
  86  6:48  SCV x2  
  86  6:53  Siege Tank  
  91  6:56  Terran Infantry Weapons Level 1  
  91  6:58  SCV  
  91  7:00  SCV  
  90  7:05  Marine x2  
  92  7:10  Terran Infantry Armor Level 1  
  92  7:12  Starport Reactor  
  92  7:15  Barracks  
  92  7:16  Barracks  
  92  7:19  Marine x3  
  92  7:22  SCV x3  
  98  7:23  Marine  
  98  7:25  Siege Tank  
  98  7:26  Supply Depot  
  102  7:36  SCV  
  102  7:37  SCV x2  
  100  7:38  Marine x4  
  100  7:41  Supply Depot  
  105  7:47  Marine  
  105  7:48  SCV  
  107  7:55  Marine  
  107  7:56  Marine x3  
  107  7:57  Siege Tank  
  114  8:04  SCV x2  
  117  8:09  Supply Depot x2  
  117  8:10  Marine  
  117  8:11  Barracks Reactor x2  
  117  8:14  Supply Depot, Armory  
  117  8:15  Marine x3  
  117  8:16  SCV  
  117  8:19  Factory  
  121  8:27  Medivac x2  
  121  8:31  SCV x2  
  121  8:33  Orbital Command  
  127  8:39  Siege Tank  
  130  8:42  Supply Depot  
  130  8:43  Supply Depot, SCV x2  
  130  8:47  Marine x4  
  130  8:48  Marine  
  137  8:50  Combat Shields  
  137  8:55  SCV x2  
  139  9:01  SCV  
  140  9:03  Factory Tech Lab  
  140  9:07  Marine x2, SCV x2, Refinery  
  144  9:11  Marine x2, Refinery  
  144  9:12  Marine  
  144  9:15  Medivac  
  149  9:27  SCV x3  
  152  9:36  Medivac  
  154  9:39  SCV x3  
  154  9:40  Supply Depot  
  154  9:44  Supply Depot  
  154  9:45  Marine x6  
  160  9:46  Marine x2  
  160  9:52  SCV  
  166  9:53  Supply Depot, Medivac  
  166  9:56  Command Center  
  168  10:00  Marine  
  169  10:07  Marine x5  
  169  10:08  Marine x3  
  169  10:10  Siege Tank  
  169  10:11  Siege Tank  
  186  10:15  Supply Depot  
  186  10:18  Medivac  
  186  10:20  Marine  
  186  10:23  Medivac  
  186  10:24  Marine  
  189  10:28  Marine  
  189  10:29  Marine x6  
  189  10:35  Barracks  
  196  10:36  Barracks  
  196  10:38  Marine, Barracks  
Show
View Real Time Build Order
Export as new Build Order

A.I. 1 (Medium) Protoss 

Build Orders:  

Get SALT Encoding   

  12  0:00  Probe  
  13  0:13  Probe  
  14  0:20  Pylon  
  14  0:25  Probe  
  15  0:34  Probe  
  15  0:42  Probe  
  17  0:50  Assimilator  
  17  0:51  Probe  
  17  0:52  Gateway  
  18  1:01  Pylon  
  18  1:30  Gateway  
  18  1:33  Assimilator  
  18  1:38  Zealot  
  20  1:42  Cybernetics Core  
  20  1:57  Zealot  
  22  2:09  Pylon  
  22  2:19  Warp Gate  
  22  2:22  Stalker  
  24  2:41  Stalker  
  26  3:00  Pylon  
  26  3:05  Probe, Stalker  
  29  3:17  Probe  
  32  3:27  Adept  
  32  3:28  Forge  
  32  3:30  Probe  
  33  3:42  Probe  
  33  3:48  Stalker  
  36  3:54  Probe  
  37  4:06  Probe  
  37  4:09  Stalker  
  40  4:40  Probe  
  36  4:52  Probe  
  31  5:04  Probe  
  31  5:05  Stalker  
  28  5:16  Probe  
  27  5:27  Stalker  
  29  5:28  Probe  
  30  5:40  Probe  
  29  5:52  Probe  
  27  6:05  Probe  
  25  6:16  Probe  
  24  6:24  Probe  
  21  6:32  Probe  
  22  6:43  Probe  
  23  6:51  Sentry  
  25  6:55  Probe  
  25  7:00  Robotics Facility, Nexus  
  26  7:05  Sentry  
  26  7:07  Probe  
  27  7:19  Probe  
  26  7:25  Adept  
  28  7:35  Probe  
  11  7:48  Probe  
  11  7:50  Observer  
Tags
 
Composition
Bio Tank
League
Master
Matchup
PvT
Spawn Locations
Cross Positions
Add a new tag
Caveats
  • Supply blocks, unpowered buildings, or Contaminate may cause inaccurate times.
  • Supply counts are checked every 10 seconds.